 Dungeon Crawl Stone Soup version 0.29.1-15-g9cfb28693d (webtiles) character file.

Game seed: 5579840797541210994

7 ANNNA the Chiller (level 1, 0/14 HPs)
             Began as a Draconian Ice Elementalist on Apr 11, 2023.
             Slain by a gnoll
             ... wielding a +0 club
              (2 damage)
             ... on level 1 of the Dungeon.
             The game lasted 00:01:36 (427 turns).

ANNNA the Chiller (Draconian Ice Elementalist)       Turns: 427, Time: 00:01:39

Health: 0/14       AC:  4    Str: 10    XL:     1   Next: 91%
Magic:  0/3        EV: 12    Int: 15    God:
Gold:   11         SH:  0    Dex: 11    Spells: 3/4 levels left

rFire   . . .      SeeInvis .   (no weapon)
rCold   . . .      Faith    .   (no shield)
rNeg    . . .      Spirit   .   (body armour unavailable)
rPois   .          Reflect  .   (helmet restricted)
rElec   .          Harm     .   (no cloak)
rCorr   .          Rampage  .   (no gloves)
Will    .....                   (no boots)
Stlth   ++........              (no amulet)
HPRegen 0.04/turn               (no ring)
MPRegen 0.08/turn               (no ring)

@: no status effects
A: AC +4, unfitting armour, cold-blooded
a: no special abilities


You were on level 1 of the Dungeon.
You visited 1 branch of the dungeon, and saw 1 of its levels.

You collected 11 gold pieces.

Inventory:

Jewellery
 c - a ring of poison resistance
Potions
 a - a potion of magic
 b - a potion of curing {unknown}
 d - a potion of cancellation {unknown}


   Skills:
 + Level 1.8 Dodging
 + Level 1.7 Stealth
 + Level 2.3 Spellcasting
 + Level 4.1 Ice Magic


You had 3 spell levels left.
You knew the following spells:

 Your Spells              Type           Power      Damage    Failure   Level
a - Freeze                Ice            56%        1d7       4%          1

Your spell library contained the following spells:

 Spells                   Type           Power      Damage    Failure   Level
 Frozen Ramparts          Ice            28%        1d5       12%         3
 Ozocubu's Armour         Ice            14%        N/A       12%         3
 Hailstorm                Conj/Ice       7%         3d4       67%         4


Dungeon Overview and Level Annotations

Branches:
Dungeon (1/15)

Altars:


Innate Abilities, Weirdness & Mutations

Your plain brown scales are hard. (AC +4)
You cannot fit into any form of body armour.
You are cold-blooded and may be slowed by cold attacks.


Message History

You freeze the dart slug!
You kill the dart slug!
A gnoll comes into view. It is wielding a +0 club.
The gnoll shouts!
A giant cockroach comes into view.
A rat comes into view.
Casting: Freeze (safe; 4% risk of failure)
Confirm with . or Enter, or press ? or * to list all spells.
You don't have enough magic to cast this spell.
Unknown command.
The gnoll closely misses you.
The giant cockroach waves its antennae.
The gnoll attacks as you move away! The gnoll barely misses you.
The gnoll attacks as you move away! The gnoll hits you but does no damage.
The gnoll hits you with a +0 club. The gnoll attacks as you move away!
The gnoll barely misses you. The gnoll attacks as you move away!
The gnoll hits you with a +0 club.
Casting: Freeze (safe; 4% risk of failure)
Confirm with . or Enter, or press ? or * to list all spells.
Aiming: Freeze (safe; 4% risk of failure)
Press: ? - help, Shift-Dir - straight line, f - gnoll
Aim: a gnoll, wielding a +0 club You freeze the gnoll.
The gnoll is moderately wounded.
The gnoll hits you with a +0 club.
* * * LOW HITPOINT WARNING * * *
The gnoll attacks as you move away! The gnoll closely misses you.
The gnoll attacks as you move away! The gnoll closely misses you.
The gnoll attacks as you move away! The gnoll closely misses you.
The gnoll attacks as you move away! The gnoll barely misses you.
The gnoll attacks as you move away! The gnoll hits you with a +0 club.
* * * LOW HITPOINT WARNING * * *
Casting: Freeze (safe; 4% risk of failure)
Confirm with . or Enter, or press ? or * to list all spells.
Aiming: Freeze (safe; 4% risk of failure)
Press: ? - help, Shift-Dir - straight line, f/p - gnoll
Aim: a gnoll, wielding a +0 club (lightly wounded)
You freeze the gnoll.
The gnoll is heavily wounded.
The gnoll hits you with a +0 club.
You die...

#######
......##############
.####.#....r..Bg@..#
#####....#########.#
..............# #.#
..###....####.# #.#
.....r......# #.#
..###.#.###.# #.#
.## #.#.# # #.# .#
#.#.# #.# .####.#.#
#.#


You could see a gnoll, a giant cockroach and a rat.

Vanquished Creatures
  A dart slug (D:1)
  A bat (D:1)
  An endoplasm (D:1)
  A ball python (D:1)
  A frilled lizard (D:1)
  A rat (D:1)
6 creatures vanquished.

Notes
Turn   | Place    | Note
-------+----------+-------------------------------------------
     0 | D:1      | ANNNA the Draconian Ice Elementalist began the quest for
                  | the Orb.
     0 | D:1      | Reached XP level 1. HP: 14/14 MP: 3/3
   427 | D:1      | Slain by a gnoll

Illustrated notes

Levels and vault maps discovered:
D:1:      co_arrival_square_in_a_square_in_a_square, layout_loops_ring,
          minmay_misc_feat_alley, hangedman_decor_lopped

Action                   || total
-------------------------++-------
Melee: Unarmed           ||     7
       Tailslap          ||     1
 Cast: Freeze            ||    10
Armor: Skin              ||     5
Dodge: Dodged            ||    18
